 Dungeon Crawl Stone Soup version 0.25-a0-265-g7af84ae0ac (webtiles) character file.

Game seed: 3196805740800971554, levelgen mode: deterministic

160 Redear the Slasher (level 5, -2/37 HPs)
             Began as an Octopode Chaos Knight on Dec 8, 2019.
             Was a Plaything of Xom.
             Killed from afar by a white imp (10 damage)
             ... with a puff of frost
             ... summoned by Xom
             ... on level 2 of the Dungeon.
             The game lasted 00:01:53 (1449 turns).

Redear the Slasher (Octopode Chaos Knight)          Turns: 1449, Time: 00:01:54

Health: -2/37      AC:  1    Str: 11    XL:     5   Next: 41%
Magic:  5/5        EV: 14    Int: 15    God:    Xom [....*.]
Gold:   119        SH:  0    Dex: 12    Spells: 4/4 levels left

rFire    . . .     SeeInvis .   a - +0 falchion (chaos)
rCold    . . .     Gourm    .   (no shield)
rNeg     . . .     Faith    .   (helmet restricted)
rPois    .         Spirit   .   (no amulet)
rElec    .         Reflect  .   g - ring of wizardry (curse) {Wiz+}
rCorr    .         Harm     .   (no ring)
MR       .....                  (no ring)
Stlth    +++.......             (no ring)
HPRegen  0.12/turn              (no ring)
MPRegen  0.09/turn              (no ring)
                                (no ring)
                                (no ring)

@: flying
A: almost no armour, stealthy swim, amphibious, 8 rings, constrict 8, camouflage
1, gelatinous body 1
a: Renounce Religion


You were on level 2 of the Dungeon.
You worshipped Xom.
You were a beloved toy of Xom.
You were hungry.

You visited 1 branch of the dungeon, and saw 2 of its levels.

You collected 119 gold pieces.

Inventory:

Hand Weapons
 a - a +0 falchion of chaos (weapon)
Jewellery
 g - a cursed ring of wizardry (left tentacle) {Wiz+}
Wands
 V - a wand of flame (16)
Scrolls
 c - 2 scrolls of identify {unknown}
 d - a scroll of teleportation {unknown}
 j - a scroll of immolation {unknown}
 k - 2 scrolls of random uselessness {unknown}
 N - a scroll of remove curse {@r2}
Potions
 b - a potion of degeneration {unknown}
 e - a potion of might {unknown}
 f - a potion of heal wounds {unknown}
 i - 3 potions of agility {Stlth+ Dex+5 EV+5 | @q4}
 l - a potion of flight
Comestibles
 z - 4 rations


   Skills:
 + Level 3.9 Fighting
 + Level 3.9 Long Blades
 + Level 3.4 Dodging
 + Level 3.4 Stealth


You had 4 spell levels left.
You didn't know any spells.
Your spell library was empty.

Dungeon Overview and Level Annotations

Branches:
Dungeon (2/15)

Altars:
Cheibriados
Fedhas
Hepliaklqana


Innate Abilities, Weirdness & Mutations

You cannot wear most types of armour.
You are very stealthy in the water. (Stealth+)
You are amphibious.
You can wear up to eight rings at the same time.
You can use your tentacles to constrict eight enemies at once.
Your skin changes colour to match your surroundings (Stealth+).
Your rubbery body absorbs attacks. (AC +1, EV +1)


Message History

* * * LOW HITPOINT WARNING * * *
The white imp freezes you.
* * * LOW HITPOINT WARNING * * *
The crimson imp completely misses you.
You riposte.
You hit the crimson imp but do no damage.
The crimson imp seems to slow down.
You squeeze the crimson imp.
The crimson imp is heavily wounded.
You take 5 damage, and have 8/37 hp.
You are too injured to fight recklessly!
Unknown command.
Unknown command.
Unknown command.
It was a potion of flight.
You feel very buoyant.
You fly up into the air.
l - a potion of flight You constrict the crimson imp.
The white imp gestures at you. The puff of frost hits you!
You die...

# #.# ##. #.# #
###..#######.# .
....#...$..#.#
#...........#
##.......>...##
#........†....###
#.#........5....#
####...#.......5@.##)#
#....# #........†.# .#
..#### ##........## .#
....#####........## .#
#.................##.#
###...................
######..........####
#......†...#
#..........#


You could see a crimson imp and a white imp.

Vanquished Creatures
  Natasha (thrice) (D:2)
  Robin (D:2)
  2 adders (D:2)
  An ooze (D:2)
  2 leopard geckos
  A giant cockroach (D:1)
  10 goblins
  3 hobgoblins
  2 jackals (D:2)
  A quokka (D:2)
  5 bats (D:1)
  10 frilled lizards
  8 kobolds
  2 rats
51 creatures vanquished.

Notes
Turn   | Place    | Note
-------+----------+-------------------------------------------
     0 | D:1      | Redear the Octopode Chaos Knight began the quest for the
                  | Orb.
     0 | D:1      | Reached XP level 1. HP: 16/16 MP: 1/1
   180 | D:1      | Reached XP level 2. HP: 15/21 MP: 2/2
   292 | D:1      | Reached skill level 1 in Stealth
   340 | D:1      | XOM: harmless Necr miscast
   472 | D:1      | XOM: god gift: 43 gold pieces
   546 | D:1      | Reached XP level 3. HP: 21/26 MP: 3/3
   880 | D:2      | Reached skill level 2 in Stealth
   902 | D:2      | Noticed Robin
   915 | D:2      | Killed Robin
   950 | D:2      | Reached skill level 3 in Dodging
   954 | D:2      | Reached XP level 4. HP: 19/31 MP: 4/4
   972 | D:2      | Noticed Natasha
  1151 | D:2      | Found a blossoming altar of Fedhas.
  1151 | D:2      | XOM: butterfly on damage
  1154 | D:2      | Killed Natasha
  1176 | D:2      | Found a snail-covered altar of Cheibriados.
  1183 | D:2      | Found a hazy altar of Hepliaklqana.
  1287 | D:2      | Noticed Natasha
  1295 | D:2      | Killed Natasha
  1295 | D:2      | Reached skill level 3 in Stealth
  1295 | D:2      | Reached XP level 5. HP: 14/37 MP: 5/5
  1376 | D:2      | Noticed Natasha
  1384 | D:2      | Killed Natasha
  1445 | D:2      | XOM: summons 2 hostile demons
  1449 | D:2      | Killed from afar by a white imp

Levels and vault maps discovered:
D:1:      minmay_arrival_open_corners, layout_loops_ring, minmay_lizard_king
D:2:      layout_rooms, grunt_temple_overflow_open, serial_park_tiny_pond,
          uniq_crazy_yiuf_cottage, uniq_robin, uniq_natasha

Skill      XL: |  1  2  3  4 |
---------------+-------------+-----
Stealth        | 1 2 3 |  3.4
Dodging        | 3 |  3.4
Fighting       | |  3.9
Long Blades    | |  3.9

Action                   |  1- 3 |  4- 6 || total
-------------------------+-------+-------++-------
Melee: Falchion          |    57 |    28 ||    85
       Constrict         |    14 |     9 ||    23
       Tentacles         |    12 |     3 ||    15
  Use: Scroll            |     1 |       ||     1
       Potion            |       |     1 ||     1
 Stab: Sleeping          |    10 |     2 ||    12
       Distracted        |     3 |       ||     3
  Eat: Chunk             |       |     1 ||     1
Armor: Skin              |     7 |     3 ||    10
Dodge: Dodged            |    39 |    28 ||    67
       Rpst.: Falchion   |    18 |    10 ||    28

Table legend:
 A = Non-vault XP
 B = Vault XP
 C = Vault XP percentage of total XP
 D = Non-vault monster count
 E = Vault monster count
 F = Vault count percentage of total count
                 A         B        C        D         E       F
            +---------+---------+-------+---------+---------+-------
      Total |     155 |      74 |  32.3 |      34 |      17 |  33.3
            +---------+---------+-------+---------+---------+-------
        D:1 |      29 |      10 |  25.6 |      17 |       8 |  32.0
        D:2 |     126 |      64 |  33.7 |      17 |       9 |  34.6
            +---------+---------+-------+---------+---------+-------
